 Dungeon Crawl Stone Soup version 0.26-a0-366-gd6aadd2 (webtiles) character file.

Game seed: 4290476528022427033

375 MrTaco21 the Cudgeler (level 6, -2/37 HPs)
             Began as a Gargoyle Fighter on July 19, 2020.
             Was a Believer of Qazlal.
             Slain by a two-headed ogre
             ... wielding a +0 giant club
              (10 damage)
             ... on level 3 of the Dungeon.
             The game lasted 00:07:34 (3480 turns).

MrTaco21 the Cudgeler (Gargoyle Fighter)            Turns: 3480, Time: 00:07:34

Health: -2/37      AC: 15    Str: 28    XL:     6   Next: 72%
Magic:  6/6        EV:  4    Int:  8    God:    Qazlal [**....]
Gold:   103        SH: 17    Dex:  9    Spells: 5/5 levels left

rFire    . . .     SeeInvis +   a - +0 flail
rCold    . . .     Faith    .   k - +0 tower shield
rNeg     + + .     Spirit   .   n - +0 chain mail
rPois    ∞         Reflect  .   w - +0 helmet {SInv}
rElec    +         Harm     .   x - +0 cloak
rCorr    .                      (no gloves)
MR       .....                  (no boots)
Stlth    ..........             (no amulet)
HPRegen  0.12/turn              j - +6 ring of strength
MPRegen  0.10/turn              s - ring of positive energy

@: no status effects
A: negative energy resistance 1, electricity resistance, unbreathing,
petrification resistance, rot immunity, AC +4
a: Upheaval, Renounce Religion


You were on level 3 of the Dungeon.
You worshipped Qazlal.
Qazlal was pleased with you.
You visited 1 branch of the dungeon, and saw 5 of its levels.

You collected 125 gold pieces.
You spent 22 gold pieces at shops.

Inventory:

Hand Weapons
 a - a +0 flail (weapon)
Missiles
 u - 5 poisoned darts (quivered)
Armour
 k - a +0 tower shield (worn)
   (You found it on level 1 of the Dungeon)
 n - a +0 chain mail (worn)
   (You found it on level 1 of the Dungeon)
 w - a +0 helmet of see invisible (worn)
   (You took it off Robin on level 4 of the Dungeon)
 x - a +0 cloak (worn)
   (You found it on level 4 of the Dungeon)
Jewellery
 j - a +6 ring of strength (left hand)
   (You found it on level 1 of the Dungeon)
 o - an uncursed ring of fire
   (You found it on level 2 of the Dungeon)
 s - a ring of positive energy (right hand)
   (You found it on level 3 of the Dungeon)
 z - an uncursed ring of see invisible
   (You found it on level 2 of the Dungeon)
Wands
 d - a wand of iceblast (10)
   (You found it on level 3 of the Dungeon)
 v - a wand of polymorph (4)
   (You found it on level 4 of the Dungeon)
Scrolls
 c - 3 scrolls of remove curse {@r2}
 e - 4 scrolls of teleportation {@r4}
 f - 2 scrolls of blinking {unknown}
 l - 2 scrolls of noise {unknown}
 p - 5 scrolls of identify {@r1}
 q - a scroll of enchant armour {unknown}
 t - a scroll of fog {unknown}
 y - a scroll of immolation {unknown}
 A - a scroll of fear {unknown}
 C - a scroll of enchant weapon {unknown}
Potions
 b - a potion of haste {unknown}
 g - a potion of ambrosia {unknown}
 h - 3 potions of curing {unknown}
 i - a potion of lignification {unknown}
 m - 2 potions of berserk rage {unknown}
 r - 3 potions of might
 B - a potion of heal wounds {unknown}


   Skills:
 - Level 3.2 Fighting
 + Level 7.0 Maces & Flails
 - Level 3.2 Armour
 - Level 3.2 Shields


You had 5 spell levels left.
You didn't know any spells.
Your spell library was empty.

Dungeon Overview and Level Annotations

Branches:
Dungeon (5/15)
 Temple: D:4-7

Altars:
Ashenzari
Elyvilon
Qazlal
Sif Muna
Zin

Shops:
D:4 ?


Innate Abilities, Weirdness & Mutations

You are resistant to torment.
Your stone body is resilient. (AC +4)
You are immune to poison.
You resist negative energy. (rN+)
You are resistant to electric shocks. (rElec)
You can survive without breathing.
You are immune to petrification.
You are immune to rotting.


Message History

Your shield prevents you from hitting the gnoll.
You block the gnoll's attack. x2
Your shield and chain mail prevent you from hitting the gnoll.
You block the gnoll's attack. The gnoll hits you but does no damage.
You hit the gnoll but do no damage. You block the gnoll's attack. x2
The gnoll hits you but does no damage.
Your chain mail prevents you from hitting the gnoll.
The gnoll hits you with a +0 flail. The gnoll hits you but does no damage.
You barely miss the gnoll. You block the gnoll's attack. x2
You sock the gnoll!
You kill the gnoll!
Qazlal accepts your kill. The gnoll hits you but does no damage.
You thump the gnoll! You block the gnoll's attack.
The gnoll hits you but does no damage.
Your shield and chain mail prevent you from hitting the gnoll.
You block the gnoll's attack.
You hit the gnoll. You block the gnoll's attack.
You sock the gnoll!
You kill the gnoll!
Qazlal accepts your kill.
Your Maces & Flails skill increases to level 7!
You start resting.
There is a stone staircase leading up here.
You climb upwards.
There is a stone staircase leading down here.
You enter the shallow water.
Moving in this stuff is going to be slow.
A two-headed ogre is nearby!
You block the two-headed ogre's attack. x2
There is a stone staircase leading up here.
The two-headed ogre barely misses you.
The two-headed ogre hits you with a +0 giant club!
You climb upwards.
There is a stone staircase leading down here.
You barely miss the two-headed ogre.
The two-headed ogre is engulfed in blazing flames.
You block the two-headed ogre's attack.
The two-headed ogre hits you but does no damage.
Your shield prevents you from hitting the two-headed ogre.
The two-headed ogre is engulfed in blazing flames.
You block the two-headed ogre's attack. The two-headed ogre closely misses you.
You hit the two-headed ogre but do no damage.
Your shield and chain mail prevent you from hitting the two-headed ogre.
The two-headed ogre hits you with a +0 giant club!
* * * LOW HITPOINT WARNING * * *
The two-headed ogre barely misses you.
You sock the two-headed ogre!
The two-headed ogre hits you with a +0 giant club!
You die...

##.#.....##..####.## ####
##..#.###.###......# #...
#..##.##..##....#### #####.##
###.....##.###....######.....#
###...######.#
#....##.....#####
.##...#####..###....#..#####
..)....#..........###.##
..................#...#
.>.............O@.#.###
....................#
..................###
.##....#..........#
######.#..........# #
#..#..........# #
#.##..........# #
##.############# # #..#


You could see a two-headed ogre.

Vanquished Creatures
  A hound (D:5)
  An orc wizard (D:4)
  An orc priest (D:4)
  A bullfrog skeleton (D:4)
  A centaur skeleton (D:4)
  A worker ant (D:3)
  A worker ant zombie (D:5)
  Robin (D:4)
  4 gnolls (D:5)
  2 adders
  An ooze (D:1)
  4 worms
  2 dart slugs
  3 leopard geckos (D:1)
  12 orcs
  3 giant cockroaches
  11 goblins
  9 hobgoblins
  4 jackals
  A quokka (D:4)
  2 ball pythons
  A ball python skeleton (D:4)
  11 bats
  8 frilled lizards
  8 kobolds
  A quokka zombie (D:4)
  7 rats
102 creatures vanquished.

Notes
Turn   | Place    | Note
-------+----------+-------------------------------------------
     0 | D:1      | MrTaco21 the Gargoyle Fighter began the quest for the Orb.
     0 | D:1      | Reached XP level 1. HP: 14/14 MP: 1/1
    78 | D:1      | Reached XP level 2. HP: 19/19 MP: 2/2
   117 | D:1      | Reached skill level 3 in Maces & Flails
   260 | D:1      | Reached XP level 3. HP: 23/23 MP: 3/3
   755 | D:2      | Found a glowing silver altar of Zin.
   792 | D:2      | Found a stormy altar of Qazlal.
   807 | D:2      | Became a worshipper of Qazlal Stormbringer
   836 | D:2      | Found a white marble altar of Elyvilon.
   851 | D:2      | Reached skill level 4 in Maces & Flails
  1112 | D:3      | Reached XP level 4. HP: 28/28 MP: 4/4
  1318 | D:3      | Reached * piety under Qazlal
  1581 | D:3      | Reached skill level 5 in Maces & Flails
  1581 | D:3      | Reached XP level 5. HP: 32/32 MP: 5/5
  1916 | D:4      | Found a shimmering blue altar of Sif Muna.
  1956 | D:4      | Found a shattered altar of Ashenzari.
  1957 | D:4      | Noticed Robin
  1975 | D:4      | Killed Robin
  2121 | D:4      | Found Puskewni's Magic Scroll Shoppe.
  2129 | D:4      | Bought a scroll of identify for 22 gold pieces
  2656 | D:4      | Noticed a two-headed ogre
  2731 | D:4      | Reached skill level 6 in Maces & Flails
  2749 | D:4      | Reached XP level 6. HP: 24/37 MP: 6/6
  3268 | D:5      | Entered Level 5 of the Dungeon
  3343 | D:5      | Reached ** piety under Qazlal
  3377 | D:5      | Reached skill level 7 in Maces & Flails
  3480 | D:3      | Slain by a two-headed ogre

Illustrated notes

Levels and vault maps discovered:
D:1:      lightli_arrival_boilingwater, layout_loops_ring, minmay_misc_feat_chi,
          serial_bayou_pond_a
D:2:      layout_basic, elyvilon_altar_5, old_standard_altar,
          lemuel_doored_altar
D:3:      layout_rooms, hangedman_decor_peaks_small, minmay_stone_trees_small
D:4:      layout_basic, lemuel_blue_sif_altar, serial_shops, shop,
          serial_rivers, chequers_serial_rivers_micro_d,
          chequers_serial_rivers_large_b, chequers_serial_rivers_micro_c,
          chequers_serial_rivers_micro_b, chequers_serial_rivers_micro_a,
          chequers_serial_rivers_small_b, cheibrodos_ashenzari_chains,
          uniq_robin
D:5:      layout_loops_ring, uniq_menkaure

Skill      XL: |  1  2  3  4  5  6 |
---------------+-------------------+-----
Maces & Flails | 3 4 5 6 7 |  7.0
Fighting       | |  3.2
Armour         | |  3.2
Shields        | |  3.2

Action                   |  1- 3 |  4- 6 || total
-------------------------+-------+-------++-------
Melee: Flail             |   154 |   310 ||   464
Throw: Dart              |       |     2 ||     2
  Use: Scroll            |       |     2 ||     2
Armor: Scale mail        |    59 |       ||    59
       Chain mail        |    18 |   216 ||   234
Dodge: Dodged            |    28 |    40 ||    68
Block: Kite shield       |    19 |       ||    19
       Tower shield      |    99 |   365 ||   464

Table legend: (Time is in decaauts)
 A = Elapsed time spent in this place.
 B = Non-inter-level travel time spent in this place.
 C = Inter-level travel time spent in this place.
 D = Time resting spent in this place.
 E = Time spent auto-exploring this place.
 F = Levels seen in this place.
 G = Mean time per level.
                   A        B        C        D        E       F      G
               +--------+--------+--------+--------+--------+-----+--------+
         Total |   3694 |   3582 |    112 |    491 |   2015 |   5 |  738.8 |
       Dungeon |   3694 |   3582 |    112 |    491 |   2015 |   5 |  738.8 |
               +--------+--------+--------+--------+--------+-----+--------+
